 Dungeon Crawl Stone Soup version 0.29.0-11-gd7f09526c8 (webtiles) character file.

Game seed: 2483823297842911717

6211 SomeFlowers the Basher (level 10, -3/84 HPs)
             Began as a Palentonga Warper on Sept 3, 2022.
             Was a Follower of Jiyva.
             Constricted to death by a tentacled monstrosity (6 damage)
             ... on level 5 of the Abyss.
             The game lasted 00:24:13 (8120 turns).

SomeFlowers the Basher (Palentonga Warper)          Turns: 8120, Time: 00:24:13

Health: -3/84      AC: 17    Str: 27    XL:     10   Next: 61%
Magic:  13/13      EV:  6    Int: 14    God:    Jiyva [*.....]
Gold:   582        SH:  0    Dex:  9    Spells: 13/13 levels left

rFire   . . .      SeeInvis +   I - +11 hammer "Ute Ygh" {flame, rC+ Will+ Stlth+}
rCold   + . .      Faith    .   t - orb {mayhem}
rNeg    . . .      Spirit   .   G - +2 ring mail {Will+}
rPois   .          Reflect  .   L - +0 helmet
rElec   .          Harm     .   x - +1 cloak
rCorr   .          Rampage  .   (no gloves)
Will    ++...                   (no barding)
Stlth   +.........              o - amulet of regeneration
HPRegen 1.84/turn               u - +6 ring of strength
MPRegen 0.38/turn               (no ring)

@: mighty, marked, constricted, curled up
A: large, rugged brown scales 3, see invisible, deformed body, roll 1, armoured
tail, reflexive curl
a: Rolling Charge, Renounce Religion


You were on level 5 of the Abyss.
You worshipped Jiyva.
Jiyva was aware of your devotion.
You visited 1 branch of the dungeon, and saw 9 of its levels.
You visited the Abyss 1 time.
You also visited: Sewer.

You collected 582 gold pieces.

Inventory:

Hand Weapons
 a - a +0 hand axe
 j - a +2 falchion of electrocution
 I - the +11 hammer "Ute Ygh" (weapon) {flame, rC+ Will+ Stlth+}
   (You found it on level 5 of the Dungeon)

   It burns those it strikes, dealing additional fire damage.
   rC:        It protects you from cold.
   Will:      It increases your willpower.
   Stlth:     It makes you more stealthy.
 J - the +7 hammer of Ubiulyja {vamp, *Rage rElec rPois Int-2}
   (You found it on level 5 of the Dungeon)

   It occasionally heals its wielder for a portion of the damage dealt when it
   wounds a living foe.
   Int:       It affects your intelligence (-2).
   rElec:     It insulates you from electricity.
   rPois:     It protects you from poison.
   *Rage:     It berserks you when you make melee attacks (+20% chance).
 M - the +5 lajatang of Mayhem {flame, Str+4 SInv}
   (You found it on level 7 of the Dungeon)

   It burns those it strikes, dealing additional fire damage.
   Big, fiery blades are also staple armaments of hydra-hunters.
   Str:       It affects your strength (+4).
   SInv:      It lets you see invisible.
Missiles
 d - 6 boomerangs of dispersal (quivered)
 m - 3 javelins
 p - 24 poisoned darts
 q - 6 boomerangs
 O - a curare-tipped dart
Armour
 b - a +0 leather armour
 t - an orb of mayhem (worn)
 w - a +0 cloak
 x - a +1 cloak (worn)
 G - a +2 ring mail of willpower (worn)
 L - a +0 helmet (worn)
Jewellery
 o - an amulet of regeneration (around neck)
 u - a +6 ring of strength (left hand)
 F - a ring of flight
Wands
 K - a wand of light (8)
Scrolls
 c - a scroll of blinking
 e - a scroll of acquirement {unknown}
 h - a scroll of enchant armour {unknown}
 n - 3 scrolls of teleportation
 r - 5 scrolls of enchant weapon {unknown}
 v - 4 scrolls of noise
 y - 3 scrolls of identify
 z - 2 scrolls of immolation {unknown}
 C - 3 scrolls of fear
 D - 2 scrolls of fog {unknown}
 E - a scroll of vulnerability
Potions
 f - 2 potions of attraction {unknown}
 g - 2 potions of resistance {unknown}
 i - 2 potions of cancellation {unknown}
 k - a potion of might
 l - 5 potions of curing {unknown}
 s - 2 potions of degeneration {unknown}
 A - 6 potions of flight
 B - 3 potions of mutation {unknown}
 H - a potion of magic {unknown}
 N - a potion of ambrosia {unknown}


   Skills:
 * Level 7.0 Fighting
 - Level 7.3 Long Blades
 - Level 2.3(8.3) Axes
 + Level 12.3(12.5) Maces & Flails
 - Level 0.6 Throwing
 - Level 0.7 Armour
 - Level 1.5 Dodging
 - Level 2.0 Spellcasting
 - Level 3.5 Translocations


You had 13 spell levels left.
You didn't know any spells.
Your spell library contained the following spells:

 Spells                   Type           Power      Damage    Failure   Level
 Blink                    Tloc           22%        N/A       13%         2
 Gell's Gravitas          Tloc           11%        N/A       26%         3
 Lesser Beckoning         Tloc           11%        N/A       26%         3
 Teleport Other           Tloc           11%        N/A       26%         3
 Manifold Assault         Tloc           11%        N/A       93%         5


Dungeon Overview and Level Annotations

Branches:
Dungeon (9/15)             Temple (0/1) D:5           Sewer (visited)
   Lair: D:8-11         Orc: D:9-12

Altars:
Cheibriados
Makhleb
Sif Muna
Trog
Uskayaw
Xom
Yredelemnul


Innate Abilities, Weirdness & Mutations

You are completely covered in rugged brown scales. (AC +3, +7% HP)
You have supernaturally acute eyesight. (SInv)
Armour fits poorly on your strangely shaped body.
You can roll at nearby foes to attack.
You have a long armoured tail.
You curl defensively after being hit. (AC +7*)


Message History

The tentacled monstrosity is lightly wounded.
The tentacled monstrosity tentacle-slaps you.
The tentacled monstrosity tentacle-slaps you but does no damage.
The tentacled monstrosity tentacle-slaps you!
The tentacled monstrosity constricts you!
You feel very mighty all of a sudden.
The tentacled monstrosity tentacle-slaps you!
The tentacled monstrosity tentacle-slaps you but does no damage.
The tentacled monstrosity tentacle-slaps you.
The tentacled monstrosity constricts you.
Unknown command.
You thump the tentacled monstrosity! You burn the tentacled monstrosity.
Your tail-slap misses the tentacled monstrosity.
The tentacled monstrosity is moderately wounded.
The tentacled monstrosity tentacle-slaps you but does no damage. x3
The tentacled monstrosity constricts you!
Unknown command.
You bludgeon the tentacled monstrosity!!
You burn the tentacled monstrosity.
The tentacled monstrosity is heavily wounded.
You bludgeon the tentacled monstrosity!!
You burn the tentacled monstrosity.
The tentacled monstrosity is severely wounded.
The tentacled monstrosity tentacle-slaps you!
* * * LOW HITPOINT WARNING * * *
The tentacled monstrosity tentacle-slaps you but does no damage.
The tentacled monstrosity tentacle-slaps you.
* * * LOW HITPOINT WARNING * * *
The tentacled monstrosity constricts you.
* * * LOW HITPOINT WARNING * * *
You sock the tentacled monstrosity!
You tail-slap the tentacled monstrosity!
The tentacled monstrosity is almost dead.
The tentacled monstrosity tentacle-slaps you!
* * * LOW HITPOINT WARNING * * *
The tentacled monstrosity tentacle-slaps you.
* * * LOW HITPOINT WARNING * * *
The tentacled monstrosity tentacle-slaps you but does no damage.
The tentacled monstrosity constricts you.
You die...

...#. .... ##
... #.# . # .
#..# .# ...
#...#
##..#....
#...X##.....#
#@......#
###.###..#
#.# #.# #.
..# ... ..#


You could see a tentacled monstrosity.

Vanquished Creatures
  Erica (D:8)
  Pikel (D:5)
  A worldbinder (Abyss:3)
  The ghost of xian the Chopper, an amateur FoBe of Gozag (D:5)
  Grinder (D:5)
  Prince Ribbit (D:6)
  A starcursed mass (Abyss:3)
  A wyvern (D:7)
  4 yaks (D:8)
  Eustachio (D:6)
  A steam dragon (D:7)
  4 water moccasins
  An ice beast (D:7)
  A black bear (D:6)
  A sky beast (D:8)
  2 orc warriors
  3 centaurs
  2 phantoms
  A kobold brigand (D:8)
  2 necrophages
  A gnoll sergeant (D:7)
  5 scorpions
  A water moccasin zombie (D:5)
  A water moccasin skeleton (D:5)
  A killer bee (D:7)
  3 howler monkeys (D:8)
  Crazy Yiuf (D:5)
  2 hounds
  3 iguanas
  2 jellies
  6 orc priests
  7 orc wizards
  A howler monkey zombie (D:5)
  12 adders
  8 gnolls
  8 river rats
  A white imp (Abyss:3)
  2 ufetubi
  A worm (Sewer)
  4 dart slugs
  46 orcs
  18 bats
  6 endoplasms
  7 giant cockroaches
  11 hobgoblins
  4 jackals (Sewer)
  3 quokkas
  13 ball pythons
  8 frilled lizards
  6 goblins
  16 kobolds
  8 rats
  A butterfly (D:5)
248 creatures vanquished.

Vanquished Creatures (others)
  An orc (D:8)
  A lurking horror (Abyss:2)
2 creatures vanquished.

Grand Total: 250 creatures vanquished

Notes
Turn   | Place    | Note
-------+----------+-------------------------------------------
     0 | D:1      | SomeFlowers the Palentonga Warper began the quest for the
                  | Orb.
     0 | D:1      | Reached XP level 1. HP: 17/17 MP: 3/3
   334 | D:1      | Reached XP level 2. HP: 23/23 MP: 5/5
   349 | D:1      | Found a faded altar of an unknown god.
   366 | D:1      | Prayed at the altar of an unknown god.
   366 | D:1      | Became a worshipper of Trog the Wrathful
   366 | D:1      | Reached * piety under Trog
   706 | D:1      | You fall into a shaft and drop 1 floor!
   768 | D:2      | Reached skill level 1 in Long Blades
   939 | D:1      | Reached XP level 3. HP: 28/28 MP: 6/6
  2021 | D:3      | Reached ** piety under Trog
  2108 | D:3      | Reached XP level 4. HP: 33/35 MP: 7/7
  2647 | D:4      | Noticed a scorpion
  2652 | D:4      | Killed a scorpion
  2653 | D:4      | Reached XP level 5. HP: 40/40 MP: 8/8
  2741 | D:4      | Found a glowing drain.
  2757 | D:4      | Reached skill level 5 in Long Blades
  2762 | Sewer    | Entered a sewer
  2768 | Sewer    | Reached *** piety under Trog
  3010 | Sewer    | Reached XP level 6. HP: 38/47 MP: 9/9
  3890 | D:5      | Entered Level 5 of the Dungeon
  3890 | D:5      | Noticed xian's ghost (amateur FoBe)
  3890 | D:5      | Found a runed translucent gate.
  3890 | D:5      | Found a runed translucent gate.
  3890 | D:5      | Found a runed translucent gate.
  3925 | D:5      | Gained mutation: You curl defensively after being hit. (AC
                  | +7*) [Palentonga growth]
  3925 | D:5      | Reached XP level 7. HP: 53/53 MP: 10/10
  3931 | D:5      | Found a staircase to the Ecumenical Temple.
  3978 | D:5      | Reached **** piety under Trog
  4119 | D:5      | Found a runed translucent door.
  4120 | D:5      | Noticed Crazy Yiuf
  4122 | D:5      | Identified the +11 hammer "Ute Ygh" {flame, rC+ Will+
                  | Stlth+}
  4127 | D:5      | Killed Crazy Yiuf
  4128 | D:5      | Reached skill level 1 in Maces & Flails
  4132 | D:5      | Identified the +7 hammer of Ubiulyja {vamp, *Rage rElec
                  | rPois Int-2}
  4185 | D:5      | Noticed Pikel
  4206 | D:5      | Killed Pikel
  4207 | D:5      | Reached skill level 5 in Maces & Flails
  4207 | D:5      | Reached XP level 8. HP: 32/59 MP: 11/11
  4270 | D:5      | Noticed Grinder
  4278 | D:5      | Killed Grinder
  4279 | D:5      | Reached skill level 6 in Maces & Flails
  4532 | D:5      | Killed xian's ghost
  4533 | D:5      | Reached skill level 7 in Maces & Flails
  4544 | D:5      | Reached skill level 8 in Maces & Flails
  4851 | D:6      | Noticed Eustachio
  4873 | D:6      | Killed Eustachio
  4874 | D:6      | Reached XP level 9. HP: 40/65 MP: 12/12
  4876 | D:6      | Reached skill level 9 in Maces & Flails
  4910 | D:6      | Noticed Prince Ribbit
  4945 | D:6      | Killed Prince Ribbit
  5502 | D:7      | Reached skill level 10 in Maces & Flails
  5931 | D:7      | Reached skill level 5 in Fighting
  6097 | D:7      | Identified the +5 lajatang of Mayhem {flame, Str+4 SInv}
  6197 | D:7      | Reached skill level 11 in Maces & Flails
  6433 | D:8      | Reached XP level 10. HP: 76/79 MP: 13/13
  6605 | D:8      | Noticed Erica
  6620 | D:8      | Killed Erica
  6621 | D:8      | Reached skill level 12 in Maces & Flails
  7265 | D:8      | Found a shimmering blue altar of Sif Muna.
  7269 | D:8      | Found a snail-covered altar of Cheibriados.
  7269 | D:8      | Found a burning altar of Makhleb.
  7280 | D:8      | Found a shimmering altar of Xom.
  7283 | D:8      | Found a basalt altar of Yredelemnul.
  7897 | D:9      | Noticed a +0 spear
  7897 | D:9      | Noticed a +0 short sword
  7897 | D:9      | Noticed a +0 short sword
  7897 | D:9      | Noticed a +0 falchion
  7898 | D:9      | Noticed a +0 falchion
  7898 | D:9      | Noticed a +0 dagger
  7898 | D:9      | Noticed a +0 spear
  7899 | D:9      | Noticed a +0 dagger
  7901 | D:9      | Found a hide-covered altar of Uskayaw.
  7908 | Abyss:2  | Cast into level 2 of the Abyss (kobold brigand)
  7935 | Abyss:2  | Found a viscous altar of Jiyva.
  7939 | Abyss:2  | Fell from the grace of Trog
  7939 | Abyss:2  | Became a worshipper of Jiyva Jagee the Shapeless
  7947 | Abyss:3  | Noticed a starcursed mass
  7964 | Abyss:3  | Found a sacrificial altar of Ru.
  7976 | Abyss:3  | Noticed a worldbinder
  7982 | Abyss:3  | Killed a worldbinder
  7995 | Abyss:3  | Killed a starcursed mass
  8063 | Abyss:3  | Noticed a worldbinder
  8070 | Abyss:4  | Reached * piety under Jiyva
  8081 | Abyss:4  | Noticed a tentacled starspawn
  8091 | Abyss:5  | Noticed a worldbinder
  8094 | Abyss:5  | Noticed a rakshasa
  8094 | Abyss:5  | Noticed a water nymph
  8097 | Abyss:5  | Noticed a cyan very ugly thing
  8097 | Abyss:5  | Noticed a vault sentinel
  8097 | Abyss:5  | Noticed a cyan very ugly thing
  8108 | Abyss:5  | Noticed a worldbinder
  8111 | Abyss:5  | Noticed a tentacled monstrosity
  8120 | Abyss:5  | HP: 3/84 [tentacled monstrosity (2)]
  8120 | Abyss:5  | Constricted to death by a tentacled monstrosity

Illustrated notes

Levels and vault maps discovered:
D:1:      sevenhm_arrival_forest_fort_small_4, layout_loops_corners,
          hellmonk_ecumenical_altar_lost_god
D:2:      layout_loops_corners
D:3:      layout_rooms
D:4:      layout_loops_ring, portal_sewer_entry_b, kennysheep_generic_room_13
D:5:      layout_gridville, minmay_temple_entry_butterflies,
          gammafunk_ghost_necromancy, kennysheep_decorative_pillar, st_stairs_9,
          uniq_crazy_yiuf_cottage, uniq_pikel, uniq_grinder
D:6:      layout_rooms, uniq_eustachio, uniq_prince_ribbit1
D:7:      layout_basic, amcnicky_mini_pool_small, serial_park_tiny_1,
          minmay_fractal_squares_diagonal_5
D:8:      layout_layer_cave, minmay_overflow_temple_star_hex, uniq_erica
D:9:      minmay_inner_zag, layout_gridville, nicolae_uskayaw_en_pointe,
          serial_shops, shop, serial_demonic, serial_demonic_g,
          serial_demonic_b, serial_demonic_d, serial_demonic_b,
          serial_demonic_d, minivault_21, kennysheep_generic_room_10,
          uniq_erolcha
Abyss:5:  base: D:8, grunt_abyss_rune_forest_and_sorcery,
          evilmike_abyss_exit_13, evilmike_abyss_rune_elephants_shrine

Skill      XL: |  1  2  3  4  5  6  7  8  9 10 |
---------------+-------------------------------+-----
Long Blades    | 1 2 4 5 6 7 |  7.3
Maces & Flails | 5 8 11 12 | 12.3
Fighting       | 5 7 |  7.0
Axes           | |  2.3
Throwing       | |  0.6
Armour         | |  0.7
Dodging        | |  1.5
Spellcasting   | |  2.0
Translocations | |  3.5

Action                   |  1- 3 |  4- 6 |  7- 9 | 10-12 || total
-------------------------+-------+-------+-------+-------++-------
Melee: Hand axe          |    32 |       |       |       ||    32
       Falchion          |    73 |   221 |    45 |       ||   339
       Tailslap          |     4 |     9 |    15 |    14 ||    42
       Punch             |       |     1 |     4 |     2 ||     7
       Mace              |       |       |   185 |    86 ||   271
Throw: Boomerang         |       |       |       |     1 ||     1
Invok: Berserk           |       |     4 |     1 |     1 ||     6
 Abil: Rolling Charge    |     1 |       |       |       ||     1
Evoke: Wand              |       |       |       |     1 ||     1
  Use: Scroll            |       |     3 |     1 |     2 ||     6
       Potion            |       |       |       |     1 ||     1
 Stab: Sleeping          |       |       |     1 |     1 ||     2
Armor: Leather armour    |    51 |   186 |       |       ||   237
       Ring mail         |       |     2 |   118 |    49 ||   169
Dodge: Dodged            |    69 |   174 |   107 |    39 ||   389
